 Seeded DCSS version 0.30.1-11-g7821555f0a (webtiles) character file.

Game seed: 5 (custom seed)

69569 Kazon the Victor of a Thousand Battles (level 14, -8/109 HPs)
             Began as a Demonspawn Monk on Jan 11, 2024.
             Was the Champion of Okawaru.
             Mangled by a two-headed ogre
             ... wielding a +0 giant club
              (22 damage)
             ... on level 1 of the Orcish Mines on Jan 12, 2024.
             The game lasted 01:45:31 (16488 turns).

Kazon the Victor of a Thousand Battles (DsMo)      Turns: 16488, Time: 01:45:32

Health: -8/109     AC: 28    Str: 18    XL:     14   Next: 90%
Magic:  22/24      EV: 16    Int: 14    God:    Okawaru [******]
Gold:   2427       SH: 19    Dex: 19    Spells: 17/19 levels left

rFire   + . .        e - +9 demon trident of Nemelex Xobeh's Pride {freeze, rN+ Dex+3}
rCold   + . .        c - +0 tower shield
rNeg    + . .        U - +7 ring mail "Dazycave" {+Blink Str+2 Int+2 Slay+2 Stlth+}
rPois   .            (helmet unavailable)
rElec   .            a - scarf {rC+ rF+}
rCorr   .            o - +0 pair of gloves
SInv    +            S - +2 pair of boots {rampage}
Will    +....        T - amulet of regeneration
Stlth   +++++        b - ring of the Tortoise {AC+8}
HPRegen 1.18/turn    L - +4 ring of slaying
MPRegen 0.19/turn

%: rampage
@: lethally poisoned (-8 -> -9), heroic
A: antennae 3, rugged brown scales 1, powered by death 2, demonic magic 1,
bedeviling
a: Renounce Religion, Evoke Blink, Heroism, Finesse, Duel


You were on level 1 of the Orcish Mines.
You worshipped Okawaru.
Okawaru was exalted by your worship.
You visited 4 branches of the dungeon, and saw 22 of its levels.
You also visited: Ossuary and Ice Cave.

You collected 2598 gold pieces.
You spent 171 gold pieces at shops.

Inventory:

Hand Weapons
 e - the +9 demon trident of Nemelex Xobeh's Pride (weapon) {freeze, rN+ Dex+3}
   (You acquired it on level 1 of the Dungeon)

   Dex:       It affects your dexterity (+3).
   rN:        It protects you from negative energy.
 q - a +1 demon whip of venom
Missiles
 j - 24 boomerangs
 r - 16 poisoned darts
 N - a throwing net
 P - 5 javelins (quivered)
Armour
 a - a scarf of resistance (worn)
 c - a +0 tower shield (worn)
 o - a +0 pair of gloves (worn)
 S - a +2 pair of boots of rampaging (worn)
 U - the +7 ring mail "Dazycave" (worn) {+Blink Str+2 Int+2 Slay+2 Stlth+}
   (Okawaru gifted it to you on level 1 of the Lair of Beasts)

   Str:       It affects your strength (+2).
   Int:       It affects your intelligence (+2).
   Slay:      It affects your accuracy & damage with ranged weapons and melee
   (+2).
   +Blink:    It lets you blink.
   Stlth:     It makes you more stealthy.
Jewellery
 b - the ring of the Tortoise (left hand) {AC+8}
   (You found it in an ice cave)

   [ring of protection]

   AC:        It affects your AC (+8).
 x - a ring of protection from fire
 L - a +4 ring of slaying (right hand)
 T - an amulet of regeneration (around neck)
Wands
 d - a wand of light (10)
 B - a wand of paralysis (27)
 H - a wand of flame (22)
 O - a wand of digging (7)
 Q - a wand of polymorph (4)
 W - a wand of iceblast (5)
Scrolls
 f - 2 scrolls of enchant weapon
 g - 2 scrolls of fog
 l - 4 scrolls of blinking {unknown}
 n - 2 scrolls of magic mapping {unknown}
 p - 12 scrolls of identify
 t - 8 scrolls of teleportation {unknown}
 w - a scroll of amnesia {unknown}
 A - 3 scrolls of enchant armour
 F - a scroll of poison {unknown}
 G - a scroll of silence {unknown}
 I - 3 scrolls of fear {unknown}
 R - a scroll of noise {unknown}
Potions
 h - a potion of resistance
 i - 3 potions of invisibility {unknown}
 k - 13 potions of curing
 m - 3 potions of magic {unknown}
 s - 7 potions of flight
 u - a potion of ambrosia
 v - 3 potions of berserk rage {unknown}
 z - 6 potions of heal wounds
 C - 3 potions of lignification {unknown}
 J - a potion of haste {unknown}
 K - 4 potions of brilliance {unknown}
 M - 2 potions of cancellation {unknown}
 V - 3 potions of might {unknown}
Miscellaneous
 D - a lightning rod (4/4)
 E - a phial of floods


   Skills:
 + Level 8.7(13.7) Fighting
 + Level 3.2(14.3) Axes
 + Level 4.3(9.9) Maces & Flails
 + Level 12.8(18.0) Polearms
 + Level 5.7(10.7) Throwing
 + Level 5.2(10.2) Armour
 + Level 7.2(12.2) Dodging
 + Level 5.6(10.6) Stealth
 + Level 8.0(13.0) Shields
 * Level 3.0 Spellcasting
 * Level 3.0 Hexes
 + Level 14.3 Invocations
 + Level 8.1 Evocations


You had 17 spell levels left.
You knew the following spells:

 Your Spells              Type           Power      Damage    Failure   Level
a - Ensorcelled Hibernat  Hex/Ice        18%        N/A       71%         2

Your spell library contained the following spells:

 Spells                   Type           Power      Damage    Failure   Level
 Foxfire                  Conj/Fire      8%         2x1d4     77%         1
 Necrotise                Necr           8%         1d4       77%         1
 Static Discharge         Conj/Air       4%         2-3/arc   88%         2
 Frozen Ramparts          Ice            4%         1d1       98%         3
 Hailstorm                Conj/Ice       2%         3d3       98%         3
 Ignite Poison            Fire/Tmut/Pois 2%         N/A       98%         3
 Vampiric Draining        Necr           2%         2d6       98%         3
 Airstrike                Air            1%         2d(1-17)  100%        4
 Ice Form                 Ice/Tmut       2%         N/A       100%        4
 Leda's Liquefaction      Hex/Erth       4%         N/A       100%        4
 Sticky Flame             Conj/Fire      2%         2d3       100%        4
 Agony                    Necr           2%         N/A       100%        5
 Alistair's Intoxication  Tmut/Pois      1%         N/A       100%        5
 Blade Hands              Tmut           1%         N/A       100%        5
 Borgnjor's Vile Clutch   Necr/Erth      1%         N/A       100%        5
 Fireball                 Conj/Fire      1%         3d3       100%        5
 Lee's Rapid Deconstruct  Erth           1%         3d4*      100%        5
 Conjure Ball Lightning   Conj/Air       1%         3x3d6     100%        6
 Eringya's Noxious Bog    Tmut/Pois      1%         N/A       100%        6
 Plasma Beam              Fire/Air       1%         2x1d12    100%        6
 Starburst                Conj/Fire      1%         6d3       100%        6
 Statue Form              Tmut/Erth      1%         N/A       100%        6
 Discord                  Hex            7%         N/A       100%        8
 Disjunction              Tloc           1%         N/A       100%        8
 Ignition                 Fire           1%         3d3       100%        8
 Summon Ice Beast         Ice/Summ       Unusable   N/A       N/A         4
 Summon Lightning Spire   Summ/Air       Unusable   N/A       N/A         4
 Summon Forest            Summ/Tloc      Unusable   N/A       N/A         5
 Simulacrum               Ice/Necr       Unusable   N/A       N/A         6
 Summon Hydra             Summ           Unusable   N/A       N/A         7

Dungeon Overview and Level Annotations

Branches:
Dungeon (14/15)            Temple (1/1) D:4            Lair (5/5) D:8
  Swamp (0/4) Lair:3        Snake (0/4) Lair:3        Slime (0/5) Lair:5
    Orc (2/2) D:11        Ossuary (visited)           IceCv (visited)
    Elf: Orc:2       Vaults: D:13-14

Altars:
Dithmenos
Fedhas
Gozag
Hepliaklqana
Okawaru
Qazlal
Sif Muna
Trog
Uskayaw
Wu Jian
Xom

Shops:
D:8 *


Innate Abilities, Weirdness & Mutations

You have a pair of large antennae on your head. (SInv)
You are partially covered in rugged brown scales. (AC +1, +3% HP)
You regenerate health from kills.
Spells you cast may paralyse adjacent enemies.
Your hexes are more powerful.


Message History

The ogre mage gestures at the two-headed ogre while chanting.
The two-headed ogre seems to speed up.
You block the ogre mage's attack. x2
The ogre mage attacks as you move away! You block the ogre mage's attack.
You feel sick.
An ogre comes into view. It is wielding a +0 giant spiked club.
You block the two-headed ogre's attack. The two-headed ogre barely misses you.
The ogre mage hits you from afar with a +0 spear.
The ogre mage hits you but does no damage.
You are more poisoned.
There is a stone staircase leading up here.
You feel very sick. You block the ogre mage's attack.
You block the two-headed ogre's attack.
The two-headed ogre hits you but does no damage.
The ogre mage closely misses you.
You block the two-headed ogre's attack. x2
The ogre mage misses you.
The ogre mage hits you from afar with a +2 spear of venom.
The ogre hits you with a +0 giant spiked club.
You climb upwards.
You feel very sick.
There is a stone staircase leading down here.
You hit the ogre mage but do no damage.
The ogre mage is poisoned.
You feel sick. You block the ogre mage's attack.
The two-headed ogre closely misses you. x2
The two-headed ogre hits you with a +0 giant club!
* * * LOW HITPOINT WARNING * * *
The two-headed ogre hits you with a +0 giant club.
* * * LOW HITPOINT WARNING * * *
You gain the combat prowess of a mighty hero.
You feel sick. You block the ogre mage's attack.
You block the two-headed ogre's attack. x2
The two-headed ogre completely misses you.
The two-headed ogre hits you with a +0 giant club.
* * * LOW HITPOINT WARNING * * *
Your +1 demon whip of venom stops dripping with poison.
You feel agile.
The +9 demon trident of Nemelex Xobeh's Pride {freeze, rN+ Dex+3} glows with a cold blue light!
e - the +9 demon trident of Nemelex Xobeh's Pride (weapon)
{freeze, rN+ Dex+3} You block the ogre mage's attack.
The two-headed ogre closely misses you. x2
The two-headed ogre hits you with a +0 giant club!!
You die...

#...## ##...# ######
#....##
##.#..####.....# ###
#......##.....#####.##
##.....###....#.#....#
#.......#..........##
##.#...OO#........##
##.##..@...........#
#...#...O......##.##
##........#...#####
#.........^.##
##...#..##.##
###########


You could see 2 two-headed ogres and an ogre mage (fast, invisible, very
poisoned).

Vanquished Creatures
  Rupert (D:12)
  The ghost of Gocli Elad the Warrior, a journeyman OgCA of Ignis (D:14)
  A white draconian (IceCv)
  Snorg (D:10)
  Josephine (Orc:1)
  6 hydras
  2 centaur warriors (D:12)
  3 boulder beetles
  A death knight (D:14)
  5 two-headed ogres
  A dancing weapon (D:14)
  3 death yaks (Lair:2)
  A tengu warrior (D:11)
  12 spriggans (Lair:5)
  A skyshark (Lair:4)
  Amaemon (Lair:2)
  An orc knight (D:12)
  An orc sorcerer (Orc:1)
  3 deep elf pyromancers (D:12)
  An ugly thing (D:12)
  A manticore (D:12)
  4 cyclopes
  12 elephants
  Maurice (D:9)
  5 black mambas
  14 cane toads
  4 gargoyles
  An orange demon (Lair:2)
  An efreet (D:13)
  An unseen horror (D:10)
  10 komodo dragons
  4 rime drakes (IceCv)
  A tengu conjurer (D:14)
  7 polar bears
  A meliai (shapeshifter) (D:13)
  5 trolls
  A troll (shapeshifter) (D:12)
  A dream sheep (Lair:5)
  7 hornets
  4 blink frogs (Lair:1)
  A slime creature (D:12)
  4 shadows
  3 vampires
  Sigmund (D:4)
  A water elemental (D:12)
  4 wraiths
  8 wyverns
  27 yaks
  7 basilisks
  3 steam dragons
  2 vampire mosquitoes (D:10)
  2 wargs
  2 swamp worms (Lair:3)
  Duvessa (D:6)
  18 water moccasins
  An ice beast (D:8)
  8 orc warriors
  7 black bears
  A sky beast (D:7)
  43 wolves
  5 centaurs
  8 ogres
  4 boggarts (Lair:5)
  A phantom (D:11)
  An elf zombie (Ossuary)
  3 kobold brigands
  12 bullfrogs
  A gnoll sergeant (D:8)
  3 scorpions
  23 wights
  A troll zombie (D:11)
  12 killer bees
  Dowan (D:6)
  4 lindwurm simulacra (IceCv)
  5 howler monkeys
  A vampire bat (D:7)
  3 electric eels
  3 komodo dragon simulacra (IceCv)
  6 hounds
  A wyvern simulacrum (D:8)
  A centaur zombie (Ossuary)
  17 orc priests
  3 human zombies (Ossuary)
  A jelly (D:5)
  6 iguanas
  20 orc wizards
  11 ogre zombies
  A centaur simulacrum (D:8)
  7 mummies (Ossuary)
  13 gnolls
  5 acid dragon simulacra (IceCv)
  9 adders
  A shadow imp (D:8)
  13 white imps
  2 ufetubi
  9 steam dragon simulacra (IceCv)
  A worm zombie (D:7)
  2 adder zombies (Ossuary)
  3 worms
  54 orcs
  12 bats
  9 endoplasms
  A giant cockroach (D:1)
  12 goblins
  6 hobgoblins
  11 jackals
  21 kobolds
  3 quokkas (D:4)
  6 ball pythons
  3 frilled lizards
  A goblin skeleton (D:11)
  7 goblin zombies
  2 hobgoblin skeletons (D:11)
  10 hobgoblin zombies
  3 kobold zombies
  15 orc zombies (D:11)
  4 quokka zombies (Ossuary)
  4 rats
  4 rat zombies (Ossuary)
687 creatures vanquished.

Vanquished Creatures (others)
  An ogre mage (D:12)
  2 gnolls (D:8)
3 creatures vanquished.

Grand Total: 690 creatures vanquished

Notes
Turn   | Place    | Note
-------+----------+-------------------------------------------
     0 | D:1      | Kazon the Demonspawn Monk began the quest for the Orb.
     0 | D:1      | Reached XP level 1. HP: 18/18 MP: 1/1
    37 | D:1      | Identified a scroll of acquirement
    37 | D:1      | Acquired the +9 demon trident of Nemelex Xobeh's Pride
                  | {freeze, rN+ Dex+3}
    71 | D:1      | Gained mutation: You have a pair of small antennae on your
                  | head. [demonic ancestry]
    71 | D:1      | Reached XP level 2. HP: 24/24 MP: 2/2
   362 | D:1      | Gained mutation: You are partially covered in rugged brown
                  | scales. (AC +1, +3% HP) [demonic ancestry]
   362 | D:1      | Reached XP level 3. HP: 24/29 MP: 3/3
   907 | D:2      | Reached skill level 1 in Polearms
   919 | D:2      | Reached skill level 1 in Throwing
   972 | D:2      | Reached XP level 4. HP: 36/36 MP: 4/4
  1393 | D:3      | Found a blossoming altar of Fedhas.
  1612 | D:3      | Found a stormy altar of Qazlal.
  1717 | D:3      | Found a faded altar of an unknown god.
  1809 | D:3      | Identified the +2 sling "Qeuhanocyt" {speed, rElec Str-3
                  | Dex+2}
  1886 | D:4      | Found a staircase to the Ecumenical Temple.
  1894 | Temple   | Entered the Ecumenical Temple
  1908 | Temple   | Became a worshipper of Warmaster Okawaru
  1908 | Temple   | Reached * piety under Okawaru
  1908 | Temple   | Reached ** piety under Okawaru
  2001 | D:4      | Noticed a scorpion
  2007 | D:4      | Killed a scorpion
  2008 | D:4      | Reached skill level 1 in Invocations
  2008 | D:4      | Gained mutation: You regenerate a little health from kills.
                  | [demonic ancestry]
  2008 | D:4      | Reached XP level 5. HP: 36/42 MP: 5/5
  2076 | D:4      | You fall into a shaft and drop 2 floors!
  2148 | D:6      | Gained mutation: You have a pair of antennae on your head.
                  | [demonic ancestry]
  2148 | D:6      | Reached XP level 6. HP: 48/48 MP: 7/7
  2153 | D:6      | Noticed Duvessa
  2153 | D:6      | Noticed Dowan
  2167 | D:6      | Killed Duvessa
  2168 | D:6      | Reached skill level 1 in Stealth
  2168 | D:6      | Reached skill level 2 in Invocations
  2172 | D:6      | Killed Dowan
  2202 | D:5      | Entered Level 5 of the Dungeon
  2365 | D:4      | Reached *** piety under Okawaru
  2366 | D:4      | Gained mutation: You have a pair of large antennae on your
                  | head. (SInv) [demonic ancestry]
  2366 | D:4      | Reached XP level 7. HP: 44/54 MP: 9/9
  2474 | D:4      | Reached skill level 1 in Shields
  2474 | D:4      | Reached skill level 3 in Invocations
  2483 | D:4      | Found a hazy altar of Hepliaklqana.
  2486 | D:4      | Found a shadowy altar of Dithmenos.
  2487 | D:4      | Noticed a shadow
  2504 | D:4      | Noticed Sigmund
  2515 | D:4      | Killed Sigmund
  2848 | D:5      | Reached skill level 1 in Evocations
  2976 | D:5      | Gained mutation: You regenerate health from kills. [demonic
                  | ancestry]
  2976 | D:5      | Reached XP level 8. HP: 61/61 MP: 10/10
  3065 | D:5      | Reached skill level 5 in Polearms
  3137 | D:5      | Reached **** piety under Okawaru
  3242 | D:6      | Reached skill level 4 in Invocations
  3421 | D:6      | Found a shimmering altar of Xom.
  3635 | D:7      | Reached skill level 5 in Invocations
  3646 | D:7      | Received a gift from Okawaru
  3657 | D:7      | Reached skill level 6 in Invocations
  3662 | D:7      | Reached XP level 9. HP: 62/67 MP: 13/13
  3732 | D:7      | Reached skill level 7 in Invocations
  3767 | D:7      | Found a sand-covered staircase.
  3784 | Ossuary  | Entered an ossuary
  3807 | Ossuary  | Reached ***** piety under Okawaru
  4231 | D:7      | Noticed a two-headed ogre
  4239 | D:7      | Killed a two-headed ogre
  4240 | D:7      | Reached skill level 1 in Armour
  4383 | D:7      | Reached skill level 8 in Invocations
  4730 | D:8      | Reached XP level 10. HP: 75/75 MP: 16/16
  4930 | D:8      | Reached skill level 5 in Fighting
  4930 | D:8      | Found a staircase to the Lair.
  4936 | D:8      | Received a gift from Okawaru
  5007 | D:8      | Reached skill level 5 in Evocations
  5058 | D:8      | Found Izo Qiri's Assorted Antiques.
  5071 | D:8      | Bought a scroll labelled JIYFIZX FOFUA for 29 gold pieces
  5071 | D:8      | Bought a sedimented brown potion for 26 gold pieces
  5071 | D:8      | Bought a curved iron wand for 116 gold pieces
  5219 | D:8      | Reached skill level 9 in Invocations
  6133 | D:9      | Received a gift from Okawaru
  6219 | D:9      | Reached XP level 11. HP: 80/82 MP: 18/18
  6728 | D:9      | Noticed Maurice
  6743 | D:9      | Killed Maurice
  6934 | D:10     | Entered Level 10 of the Dungeon
  7141 | D:10     | Noticed a two-headed ogre
  7150 | D:10     | Killed a two-headed ogre
  7222 | D:10     | Noticed Snorg
  7229 | D:10     | Killed Snorg
  7229 | D:10     | Received a gift from Okawaru
  7252 | D:10     | Found a shimmering blue altar of Sif Muna.
  7313 | D:10     | Reached skill level 10 in Invocations
  7331 | D:10     | Reached ****** piety under Okawaru
  7332 | D:10     | Reached skill level 5 in Dodging
  7722 | D:11     | Received a gift from Okawaru
  7788 | D:11     | Found a staircase to the Orcish Mines.
  7957 | D:11     | Noticed a tengu warrior
  7965 | D:11     | Killed a tengu warrior
  8098 | D:11     | Noticed a boulder beetle
  8108 | D:11     | Killed a boulder beetle
  8109 | D:11     | Reached skill level 10 in Polearms
  8784 | D:12     | Noticed a centaur warrior
  8787 | D:12     | Noticed an orc knight
  8797 | D:12     | Killed a centaur warrior
  8798 | D:12     | Gained mutation: Spells you cast may paralyse adjacent
                  | enemies. [demonic ancestry]
  8798 | D:12     | Reached XP level 12. HP: 83/91 MP: 20/20
  8804 | D:12     | Reached skill level 11 in Invocations
  8816 | D:12     | Noticed a centaur warrior
  8823 | D:12     | Noticed an ogre mage
  8835 | D:12     | Killed a centaur warrior
  8846 | D:12     | Killed an ogre mage
  8856 | D:12     | Reached skill level 5 in Shields
  8860 | D:12     | HP: 3/91 [fire elemental[a deep elf pyromancer] (9)]
  8941 | D:12     | Found a frozen archway.
  8967 | IceCv    | Entered an ice cave
  9032 | IceCv    | Found the ring of the Tortoise {AC+8}
  9170 | IceCv    | Noticed a white draconian
  9192 | IceCv    | Killed a white draconian
  9242 | IceCv    | Identified the ring of Omumul {*Corrode rC+ Int+5 Dex+2
                  | Stlth+}
  9494 | D:12     | Noticed Rupert
  9516 | D:12     | Killed Rupert
  9516 | D:12     | Received a gift from Okawaru
  9738 | D:12     | Noticed a two-headed ogre
  9751 | D:12     | Killed a two-headed ogre
  9752 | D:12     | Reached skill level 12 in Invocations
 10498 | D:13     | Noticed a two-headed ogre
 10499 | D:13     | Noticed a vault guard
 10518 | D:13     | Got the Verses on Mutagenic Frost
 10691 | D:13     | Noticed a boulder beetle
 10699 | D:13     | Killed a boulder beetle
 10733 | D:13     | Identified the +1 robe of the Marlin {-Tele rN+ Dex+3}
 10741 | D:13     | Received a gift from Okawaru
 10886 | D:14     | Found a runed translucent door.
 10897 | D:14     | Found a shimmering altar of Xom.
 10897 | D:14     | Noticed Gocli Elad's ghost (journeyman OgCA)
 10910 | D:14     | Noticed a death knight
 10929 | D:14     | Killed a death knight
 10930 | D:14     | Gained mutation: Your hexes are more powerful. [demonic
                  | ancestry]
 10930 | D:14     | Reached XP level 13. HP: 52/98 MP: 8/22
 11033 | D:14     | Killed Gocli Elad's ghost
 11235 | Lair:1   | Entered Level 1 of the Lair of Beasts
 11262 | Lair:1   | Reached skill level 5 in Throwing
 11352 | Lair:1   | Identified the +7 ring mail "Dazycave" {+Blink Str+2 Int+2
                  | Slay+2 Stlth+} (Okawaru gifted it to you on level 1 of the
                  | Lair of Beasts)
 11352 | Lair:1   | Received a gift from Okawaru
 11827 | Lair:2   | Noticed Amaemon
 11845 | Lair:2   | Killed Amaemon
 11895 | Lair:2   | Reached skill level 13 in Invocations
 11970 | Lair:2   | Reached skill level 5 in Stealth
 12226 | Lair:2   | Found an ornate altar of the Wu Jian Council.
 12362 | Lair:2   | Reached skill level 1 in Maces & Flails
 12646 | Lair:3   | Found a staircase to the Snake Pit.
 12694 | Lair:3   | Received a gift from Okawaru
 12758 | Lair:3   | Found a staircase to the Swamp.
 12777 | Lair:3   | Found the +10 zealot's sword {holy, Zealotry, *Rage rN+
                  | EV+3}
 13857 | Lair:4   | Reached XP level 14. HP: 107/107 MP: 24/24
 14287 | Lair:4   | Received a gift from Okawaru
 14288 | Lair:4   | Reached skill level 14 in Invocations
 14510 | Lair:5   | Entered Level 5 of the Lair of Beasts
 14615 | Lair:5   | Learned a level 2 spell: Ensorcelled Hibernation
 14663 | Lair:5   | Found a staircase to the Slime Pits.
 14854 | Lair:5   | Reached skill level 1 in Hexes
 14880 | Lair:5   | Reached skill level 1 in Spellcasting
 14971 | Lair:5   | Reached skill level 5 in Armour
 15066 | Lair:5   | Paralysed by a hornet for 2 turns
 15096 | Lair:5   | Received a gift from Okawaru
 15645 | Orc:1    | Entered Level 1 of the Orcish Mines
 15942 | Orc:2    | Entered Level 2 of the Orcish Mines
 15942 | Orc:2    | Noticed Josephine
 16134 | Orc:1    | Killed Josephine
 16488 | Orc:1    | Mangled by a two-headed ogre

Illustrated notes

Levels and vault maps discovered:
D:1:      ebering_trefoil_3fold, layout_basic, st_stairs_14, serial_bayou_ford_a
D:2:      layout_basic, hangedman_decor_growths, minmay_close_crescents
D:3:      layout_rooms, mainiacjoe_overflow_concentric_impassable,
          mainiacjoe_overflow_paths, shapermc_ecumenical_altar_acropolis,
          chequers_serial_rivers_micro_b
D:4:      layout_basic, riverfiend_overflow_shadow_ancestor,
          minmay_temple_entry_glass, uniq_sigmund
D:5:      layout_gridville
D:6:      layout_basic, xom_teletrap_fun, uniq_duvessa
D:7:      layout_loops_ring, enter_ossuary_3, roderic_batcave
D:8:      layout_layer_cave, minmay_lair_entry_grove, serial_shops,
          nicolae_lakefront_shop, serial_ice, serial_ice_o, serial_ice_d,
          serial_ice_k, serial_ice_a
D:9:      layout_loops_ring, nicolae_wwwww, uniq_maurice
D:10:     layout_irregular_city, led_sif_pool, uniq_snorg
D:11:     layout_basic, zombieorc2_lemuel, chequers_garden
D:12:     layout_basic, portal_ice_cave_entry_imps,
          chequers_serial_rivers_micro_e, minivault_28, uniq_rupert
D:13:     layout_basic, lightli_vaults_fourway_checkpoint, serial_corexii_hall,
          chequers_hall_statues_wall_a, chequers_hall_statues_wall_a
D:14:     layout_irregular_city, nicolae_uskayaw_dance_hall, ebering_ghost_xom,
          grunt_ministairs_12
Temple:   nicolae_temple_elliptical
Lair:1:   layout_big_grid, serial_bayou_pond_a
Lair:2:   layout_gridlike, basic_altar, uniq_amaemon
Lair:3:   layout_small_grid, swamp_mist, minmay_snake_entry_six_corridors,
          worms_lemuel, serial_bayou_shore_a
Lair:4:   layout_gridlike, nzn_random_ring, infiniplex_staircase_pool_2
Lair:5:   minmay_lair_end_enchanted_forest, layout_misc_corridors,
          dpeg_slime_entry_enclosed
Orc:1:    layout_caves, serial_shops, nicolae_orc_sculptors_studio
Orc:2:    st_orc_ogre_mass, layout_caves, basic_altar, nicolae_orc_tapped_out,
          uniq_josephine

Skill      XL: |  1  2  3  4  5  6  7  8  9 10 11 12 13 14 |
---------------+-------------------------------------------+-----
Axes           | 3 |  3.2
Dodging        | 3 4 5 6 7 |  7.2
Polearms       | 1 2 3 4 5 7 8 10 11 12 | 12.8
Throwing       | 1 2 3 4 5 |  5.7
Invocations    | 1 2 3 6 8 9 10 12 13 14 | 14.3
Stealth        | 1 2 3 4 5 |  5.6
Shields        | 1 2 3 4 5 6 8 |  8.0
Fighting       | 4 5 6 7 8 |  8.7
Evocations     | 1 2 4 5 7 8 |  8.1
Armour         | 1 2 3 4 5 |  5.2
Maces & Flails | 1 4 |  4.3
Hexes          | 3 |  3.0
Spellcasting   | 3 |  3.0

Action                     |  1- 3 |  4- 6 |  7- 9 | 10-12 | 13-15 || total
---------------------------+-------+-------+-------+-------+-------++-------
  Melee: Hand axe          |    10 |       |       |       |       ||    10
         Demon trident     |    59 |    67 |   288 |   727 |   581 ||  1722
         Demon whip        |       |       |       |       |   377 ||   377
  Throw: Dart              |       |     5 |    10 |    43 |    73 ||   131
         Stone             |       |       |    37 |    60 |       ||    97
         Boomerang         |       |       |       |     2 |    13 ||    15
         Javelin           |       |       |       |     2 |     6 ||     8
 Invoke: Heroism           |       |       |       |     5 |     3 ||     8
         Finesse           |       |       |       |     2 |     2 ||     4
  Evoke: Wand              |       |       |       |    23 |     2 ||    25
    Use: Scroll            |     2 |       |     1 |     8 |       ||    11
         Potion            |       |       |     2 |     2 |       ||     4
   Stab: Sleeping          |       |     2 |    16 |     8 |    24 ||    50
         Distracted        |       |     1 |     1 |       |     2 ||     4
         Confused          |       |       |     1 |       |       ||     1
         Paralysed         |       |       |       |     4 |       ||     4
         Invisible         |       |       |       |     2 |       ||     2
 Armour: Robe              |    13 |    13 |    11 |       |       ||    37
         Scale mail        |       |       |    36 |   112 |       ||   148
         Troll leather arm |       |       |       |   147 |     5 ||   152
         Ring mail         |       |       |       |       |   401 ||   401
  Dodge: Dodged            |    30 |    14 |    53 |   195 |   381 ||   673
  Block: Tower shield      |    12 |    31 |   140 |   460 |   794 ||  1437
